Map: Blackpink LE

Players

Rogue

  • Race: Zerg Zerg
  • League: Silver
  • Spawn Location: 7:00

Serral - Winner!

  • Race: Zerg Zerg
  • Spawn Location: 1:00

Event: IEM Season 12 - Katowice

VOD

Have the link to the VOD?

Description

Time

  • Played on: March 2, 2018, 5:14 a.m.
  • Length: 5:37

All games in this series

Show
View Real Time Build Order
Export as new Build Order

Rogue Zerg 

Build Orders: 1 Base Baneling Bust, Pool First, Zergling Baneling 

Get SALT Encoding   

  12  0:17  Spawning Pool  
  11  0:21  Drone  
  11  0:26  Drone  
  13  0:30  Drone  
  13  0:35  Extractor  
  13  0:41  Overlord  
  13  1:04  Zergling x4  
  15  1:05  Zergling x2  
  15  1:07  Queen  
  18  1:15  Zergling x2  
  19  1:27  Zergling x2  
  20  1:34  Metabolic Boost  
  20  1:37  Zergling x2  
  21  1:49  Overlord  
  21  1:54  Baneling Nest  
  21  2:00  Zergling x2  
  21  2:12  Zergling x2  
  22  2:20  Zergling x6  
  25  2:28  Zergling x2  
  26  2:38  Zergling x2  
  26  2:43  Baneling x2  
  26  2:44  Baneling x2  
  27  2:53  Zergling x2  
  27  2:54  Zergling x2  
  27  2:57  Baneling  
  29  3:00  Zergling x2  
  27  3:18  Zergling x6  
  29  3:25  Zergling x2  
  29  3:29  Baneling  
  29  3:32  Zergling x2  
  30  3:37  Overlord  
  28  3:45  Baneling x2  
  28  3:52  Baneling  
  28  3:54  Zergling x4  
  30  4:03  Drone  
  30  4:06  Drone  
  32  4:11  Drone  
  33  4:17  Drone  
  34  4:26  Drone x2  
  36  4:46  Hatchery  
  36  4:49  Drone  
  36  4:56  Drone x2  
  35  5:04  Drone x2  
  35  5:06  Drone  
  36  5:10  Baneling  
  36  5:13  Drone  
  37  5:24  Drone  
  38  5:29  Evolution Chamber  
Show
View Real Time Build Order
Export as new Build Order

Serral Zerg - Winner!

Build Orders: Hatch First 

Get SALT Encoding   

  12  0:02  Drone  
  13  0:12  Overlord  
  13  0:17  Drone  
  14  0:30  Drone x2  
  16  0:48  Hatchery  
  15  0:51  Drone  
  15  0:55  Drone  
  17  1:09  Spawning Pool  
  16  1:12  Extractor  
  16  1:13  Drone  
  16  1:17  Drone  
  17  1:20  Drone  
  18  1:28  Drone  
  19  1:55  Zergling x4  
  19  1:59  Queen  
  19  2:00  Queen, Zergling x4  
  27  2:12  Zergling x2  
  28  2:16  Overlord  
  28  2:21  Spine Crawler  
  27  2:27  Zergling x2  
  28  2:31  Zergling x2  
  26  2:38  Zergling x4  
  28  2:47  Zergling x2  
  28  2:48  Spine Crawler  
  28  2:52  Zergling x2  
  28  2:57  Metabolic Boost  
  29  3:02  Zergling x2  
  29  3:03  Zergling x2  
  31  3:10  Zergling x2  
  30  3:13  Spine Crawler  
  28  3:21  Zergling x4  
  30  3:35  Zergling x4  
  32  3:43  Queen  
  34  3:49  Overlord  
  34  4:07  Queen  
  36  4:13  Drone x2  
  38  4:17  Drone  
  38  4:18  Queen  
  41  4:38  Drone x2  
  43  4:40  Overlord  
  43  4:46  Overlord  
  44  4:52  Drone  
  44  4:57  Queen  
  44  5:03  Drone x3  
  44  5:05  Drone  
  44  5:06  Drone  
  48  5:09  Drone x2  
  52  5:25  Evolution Chamber  
  51  5:29  Evolution Chamber  

Tags
 
Add a new tag
Caveats
  • Supply blocks, unpowered buildings, or Contaminate may cause inaccurate times.
  • Supply counts are checked every 10 seconds.